 Dungeon Crawl Stone Soup version 0.31-a0-700-gf13585253f (webtiles) character file.

Game seed: 11010480015033935005

2484 qw the Skirmisher (level 9, -2/57 HPs)
             Began as a Gargoyle Hunter on Sept 7, 2023.
             Slain by a troll (4 damage)
             ... on level 7 of the Dungeon.
             The game lasted 00:02:39 (5885 turns).

qw the Skirmisher (Gargoyle Hunter)                 Turns: 5885, Time: 00:02:40

Health: -2/57      AC: 24    Str: 15    XL:     9   Next: 52%
Magic:  9/9        EV: 11    Int: 10    God:
Gold:   323        SH:  0    Dex: 17    Spells: 8/8 levels left

rFire   . . .        Y - +2 shortbow
rCold   . . .        (shield currently unavailable)
rNeg    + . .        p - +0 ring mail
rPois   inf          d - +2 helmet
rElec   +            a - +2 cloak
rCorr   .            f - +2 pair of gloves
SInv    +            r - +1 pair of boots
Will    +....        (no amulet)
Stlth   +            h - ring of willpower
HPRegen 0.29/turn    b - ring of see invisible
MPRegen 0.11/turn

%: no passive effects
@: about to teleport
A: sickness immunity, AC +6, negative energy resistance 1, electricity
resistance, torment resistance 1, petrification resistance
a: no special abilities


You were on level 7 of the Dungeon.
You visited 2 branches of the dungeon, and saw 8 of its levels.

You collected 323 gold pieces.


Innate Abilities, Weirdness & Mutations

You are immune to sickness and miasma.
Your stone body is resilient. (AC +6)
You are immune to poison.
You resist negative energy. (rN+)
You are resistant to electric shocks. (rElec)
You are resistant to unholy torment.
You are immune to petrification.


   Skills:
 - Level 7.2 Fighting
 + Level 10.8 Ranged Weapons
 - Level 4.1 Armour
 - Level 2.0 Dodging
 - Level 1.1 Stealth


You had 8 spell levels left.
You didn't know any spells.
Your spell library was empty.

Inventory:

Hand Weapons
 Y - a +2 shortbow (weapon)
Armour
 a - a +2 cloak (worn)
 d - a +2 helmet (worn)
 f - a +2 pair of gloves (worn)
 p - a +0 ring mail (worn)
 r - a +1 pair of boots (worn)
Jewellery
 b - a ring of see invisible (right hand)
 h - a ring of willpower (left hand)
Scrolls
 e - a scroll of identify
 j - 4 scrolls of teleportation
Potions
 g - a potion of haste
 i - a potion of mutation
 k - 2 potions of curing
 l - a potion of magic {unknown}
 m - 2 potions of degeneration {unknown}
 o - a potion of berserk rage {unknown}
 q - a potion of cancellation
 s - a potion of lignification {unknown}

Dungeon Overview and Level Annotations

Branches:
Dungeon (7/15)             Temple (1/1) D:4

Altars:
Ashenzari
Cheibriados
Elyvilon
Fedhas
Gozag
Hepliaklqana
Makhleb
Nemelex Xobeh
Qazlal
Ru
Sif Muna
Uskayaw
Wu Jian
Xom
Yredelemnul
Zin
The Shining One

Shops:
D:4 :

Annotations:
D:5 1 runed translucent door, Crazy Yiuf


Message History

The troll shouts!
The arrow hits the hound but does no damage.
You shoot an arrow. The arrow hits the hound.
The hound is lightly wounded.
You shoot an arrow. The arrow closely misses the hound.
The hound barely misses you.
You shoot an arrow. The arrow hits the hound!
The hound is severely wounded.
The hound bites you but does no damage. The hound barely misses you.
You shoot an arrow. The arrow closely misses the hound.
The troll bites you but does no damage. The troll claws you!
The troll claws you but does no damage. The hound barely misses you.
You shoot an arrow. The arrow barely misses the hound.
The hound bites you but does no damage. The troll closely misses you. x2
The troll claws you. The hound bites you but does no damage.
You shoot an arrow. The arrow barely misses the hound.
The troll barely misses you. The troll claws you.
The troll claws you but does no damage. The hound bites you but does no damage.
You shoot an arrow. The arrow hits the hound!
You kill the hound!
The troll bites you! The troll closely misses you.
The troll claws you but does no damage.
5881 ||| READING 5 scrolls of teleportation.
As you read the scroll of teleportation, it crumbles to dust.
You feel strangely unstable. The troll bites you but does no damage.
The troll claws you but does no damage. x2
You shoot an arrow. The arrow hits the troll.
The troll is lightly wounded.
The troll bites you but does no damage. The troll claws you but does no damage.
The troll closely misses you.
You shoot an arrow. The arrow hits the troll!
The troll is moderately wounded.
The troll bites you!
The troll claws you but does no damage. x2
You shoot an arrow. The arrow hits the troll.
The troll is moderately wounded.
The troll bites you but does no damage.
The troll claws you but does no damage. x2
You shoot an arrow. The arrow closely misses the troll.
The troll bites you but does no damage. The troll claws you but does no damage.
The troll claws you.
You die...

##.. .. #
#... .
..##... .
....... .#
..... ##.#
...#...###.
#..T......
#@# #.%#
#...#
#..#..
..#...#
........
....# ..#
....#. .#.


You could see a troll.

Vanquished Creatures
  Eustachio (D:4)
  An orc warrior (D:7)
  5 ice beasts
  A black bear (D:5)
  An ogre (D:4)
  2 centaurs (D:7)
  2 bullfrogs (D:6)
  Blork the orc (D:5)
  4 scorpions
  A killer bee (D:7)
  A howler monkey (D:5)
  A crimson imp (D:3)
  2 jellies
  A gnoll bouda (D:7)
  2 orc priests
  7 hounds
  6 iguanas
  Terence (D:3)
  5 orc wizards
  Robin (D:2)
  4 gnolls (D:4)
  8 adders
  A white imp (D:4)
  An ufetubus (D:4)
  3 worms
  A dart slug (D:2)
  25 orcs
  10 ball pythons
  7 bats
  3 endoplasms
  9 goblins
  8 hobgoblins
  2 jackals
  2 quokkas (D:2)
  3 frilled lizards
  5 kobolds
  4 rats (D:2)
142 creatures vanquished.

Notes
Turn   | Place    | Note
-------+----------+-------------------------------------------
     0 | D:1      | qw the Gargoyle Hunter began the quest for the Orb.
     0 | D:1      | Reached XP level 1. HP: 12/12 MP: 1/1
     0 | D:1      | 0 ||| qw: Version: 0.3-a-76-g4403597
     0 | D:1      | 0 ||| qw: Game counter: 499
     0 | D:1      | 0 ||| qw: Melee chars always use a shield: true
     0 | D:1      | 0 ||| qw: God list: Okawaru
     0 | D:1      | 0 ||| qw: Allow faded altars: false
     0 | D:1      | 0 ||| qw: Do Orc after clearing Dungeon:15 true
     0 | D:1      | 0 ||| qw: Do second Lair branch before Depths: true
     0 | D:1      | 0 ||| qw: Lair rune preference: random
     0 | D:1      | 0 ||| qw: Goals: Normal
     0 | D:1      | 0 ||| PLANNING D:1-11
   112 | D:1      | Reached XP level 2. HP: 17/17 MP: 2/2
   475 | D:1      | 475 ||| UPGRADING to +2 pair of gloves.
   480 | D:1      | 480 ||| UPGRADING to ring of willpower.
   481 | D:1      | 481 ||| READING scroll labelled RIBRAO MAOFOSA.
   482 | D:1      | 482 ||| READING scroll labelled VADOUM ZUJIEF.
   483 | D:1      | 483 ||| READING 2 scrolls labelled XIHEEW GEJI.
   487 | D:1      | 487 ||| READING 2 scrolls labelled ESUEMO IGUTUA.
   488 | D:1      | 488 ||| DROPPING scroll of butterflies.
   826 | D:2      | Reached skill level 5 in Ranged Weapons
   826 | D:2      | Reached XP level 3. HP: 16/21 MP: 3/3
   921 | D:2      | Noticed Robin
   928 | D:2      | Killed Robin
   941 | D:2      | Reached skill level 3 in Fighting
   949 | D:2      | 949 ||| FLEEEEING.
   951 | D:2      | 951 ||| FLEEEEING.
   952 | D:2      | 952 ||| FLEEEEING.
   953 | D:2      | 953 ||| FLEEEEING.
   954 | D:2      | 954 ||| FLEEEEING.
   955 | D:2      | 955 ||| FLEEEEING.
   956 | D:2      | 956 ||| FLEEEEING.
   957 | D:2      | 957 ||| FLEEEEING.
   961 | D:2      | 961 ||| FLEEEEING.
   964 | D:2      | 964 ||| FLEEEEING.
  1005 | D:2      | 1005 ||| UPGRADING to +2 cloak.
  1032 | D:2      | 1032 ||| UPGRADING to +0 helmet.
  1037 | D:2      | 1037 ||| READING scroll of enchant armour.
  1037 | D:2      | 1037 ||| ENCHANTING +0 helmet.
  1053 | D:2      | 1053 ||| READING scroll labelled KUNAIX UR VUJ.
  1054 | D:2      | 1054 ||| DRINKING 2 pink potions.
  1065 | D:2      | Reached skill level 1 in Armour
  1065 | D:2      | Reached XP level 4. HP: 28/28 MP: 4/4
  1529 | D:2      | 1529 ||| READING scroll labelled LYTUWU QUPSIV.
  1697 | D:3      | Noticed Terence
  1717 | D:3      | Killed Terence
  1779 | D:3      | Reached XP level 5. HP: 32/32 MP: 5/5
  1850 | D:3      | Found a burning altar of Makhleb.
  1851 | D:3      | Found a shimmering altar of Xom.
  1875 | D:3      | Reached skill level 6 in Ranged Weapons
  2193 | D:3      | Reached XP level 6. HP: 37/38 MP: 6/6
  2380 | D:3      | 2380 ||| UPGRADING to ring of see invisible.
  2381 | D:3      | 2381 ||| DROPPING +6 ring of intelligence.
  2382 | D:3      | 2382 ||| READING scroll labelled ZIYSTA ORIRA.
  2431 | D:4      | 2431 ||| READING scroll of enchant armour.
  2431 | D:4      | 2431 ||| ENCHANTING +1 helmet.
  2436 | D:4      | Found Kuapayxkyl's Self-Improvement Boutique.
  2517 | D:4      | 2517 ||| FLEEEEING.
  2520 | D:4      | 2520 ||| FLEEEEING.
  2557 | D:4      | Found an ornate altar of the Wu Jian Council.
  2566 | D:4      | Found a staircase to the Ecumenical Temple.
  2567 | D:4      | 2567 ||| PLANNING TEMPLE
  2567 | D:4      | 2567 ||| READING 2 scrolls of identify.
  2567 | D:4      | 2567 ||| IDENTIFYING bubbling pink potion
  2572 | Temple   | Entered the Ecumenical Temple
  2573 | Temple   | 2573 ||| PLANNING D:1-11
  2822 | D:4      | 2822 ||| Stepping ~*~*~tactically~*~*~ (outnumbered).
  2825 | D:4      | 2825 ||| Stepping ~*~*~tactically~*~*~ (outnumbered).
  2832 | D:4      | Reached skill level 7 in Ranged Weapons
  2895 | D:4      | Reached XP level 7. HP: 43/43 MP: 7/7
  3204 | D:4      | Found a glowing silver altar of Zin.
  3204 | D:4      | Found a white marble altar of Elyvilon.
  3204 | D:4      | Found a glowing golden altar of the Shining One.
  3230 | D:4      | 3230 ||| UPGRADING to +0 ring mail.
  3240 | D:4      | 3240 ||| DROPPING +0 leather armour.
  3241 | D:4      | 3241 ||| UPGRADING to +0 pair of boots.
  3246 | D:4      | 3246 ||| DRINKING 2 sedimented purple potions.
  3275 | D:5      | Entered Level 5 of the Dungeon
  3281 | D:5      | 3281 ||| STAIRDANCE
  3442 | D:5      | Reached skill level 8 in Ranged Weapons
  3514 | D:5      | Reached XP level 8. HP: 49/49 MP: 8/8
  3588 | D:5      | Noticed Blork the orc
  3588 | D:5      | Noticed Eustachio
  3597 | D:5      | Killed Blork the orc
  3598 | D:5      | Reached skill level 3 in Armour
  3605 | D:5      | 3605 ||| FLEEEEING.
  3607 | D:5      | 3607 ||| STAIRDANCE
  3671 | D:5      | 3671 ||| STAIRDANCE
  3679 | D:4      | Killed Eustachio
  3686 | D:5      | 3686 ||| STAIRDANCE
  3691 | D:5      | 3691 ||| STAIRDANCE
  3745 | D:5      | 3745 ||| STAIRDANCE
  3977 | D:5      | Reached skill level 9 in Ranged Weapons
  4128 | D:5      | Reached skill level 6 in Fighting
  4391 | D:5      | Found a runed translucent door.
  4392 | D:5      | Noticed Crazy Yiuf
  4395 | D:5      | 4395 ||| DRINKING 3 green potions.
  4483 | D:6      | Reached XP level 9. HP: 55/55 MP: 9/9
  4490 | D:6      | Reached skill level 10 in Ranged Weapons
  4797 | D:6      | 4797 ||| READING scroll of enchant weapon.
  4797 | D:6      | 4797 ||| ENCHANTING +1 shortbow.
  5012 | D:6      | 5012 ||| Stepping ~*~*~tactically~*~*~ (retreating).
  5013 | D:6      | 5013 ||| Stepping ~*~*~tactically~*~*~ (retreating).
  5014 | D:6      | 5014 ||| Stepping ~*~*~tactically~*~*~ (retreating).
  5015 | D:6      | 5015 ||| Stepping ~*~*~tactically~*~*~ (retreating).
  5016 | D:6      | 5016 ||| Stepping ~*~*~tactically~*~*~ (retreating).
  5017 | D:6      | 5017 ||| Stepping ~*~*~tactically~*~*~ (retreating).
  5018 | D:6      | 5018 ||| Stepping ~*~*~tactically~*~*~ (retreating).
  5658 | D:6      | 5658 ||| READING scroll of enchant armour.
  5658 | D:6      | 5658 ||| ENCHANTING +0 pair of boots.
  5704 | D:6      | 5704 ||| READING scroll labelled UNIDUM ZUENORU.
  5705 | D:6      | 5705 ||| READING scroll labelled ITTUSI BUBRULA.
  5706 | D:6      | 5706 ||| DRINKING 2 fizzy yellow potions.
  5777 | D:7      | Identified the staff of Stickiness {*Corrode rPois rC++
                  | Int+5 Poison}
  5833 | D:7      | 5833 ||| Stepping ~*~*~tactically~*~*~ (retreating).
  5838 | D:7      | 5838 ||| Stepping ~*~*~tactically~*~*~ (outnumbered).
  5868 | D:7      | HP: 6/57 [orc priest/divine providence (16)]
  5869 | D:7      | 5869 ||| READING 6 scrolls of teleportation.
  5870 | D:7      | 5870 ||| DRINKING potion of heal wounds.
  5872 | D:7      | Noticed a troll
  5880 | D:7      | HP: 8/57 [troll (7)]
  5881 | D:7      | 5881 ||| READING 5 scrolls of teleportation.
  5883 | D:7      | HP: 2/57 [troll (7)]
  5885 | D:7      | Slain by a troll

Levels and vault maps discovered:
D:1:      erik_arrival_blinker_ship, layout_basic
D:2:      minmay_inner_zag, layout_loops_corners, minmay_tromino_mix6,
          uniq_robin
D:3:      layout_loops_cross, grunt_temple_overflow_champion_of_chaos,
          uniq_terence
D:4:      layout_cave_pools, dreamdust_divine_triumvirate,
          mainiacjoe_overflow_alcove_2, temple_doors_e, chequers_avenue,
          hangedman_decor_diamond_cutter, nicolae_shop_self_help
D:5:      layout_gridville, uniq_blork_the_orc, uniq_crazy_yiuf_cottage,
          uniq_eustachio
D:6:      layout_layer_cave
D:7:      cheibrodos_fzero, layout_cave_pools, nicolae_overflow_crystal_walls
Temple:   chequers_temple_sunken

Skill      XL: |  1  2  3  4  5  6  7  8  9 |
---------------+----------------------------+-----
Ranged Weapons | 5 6 7 8 9 10 | 10.8
Fighting       | 3 4 5 6 7 |  7.2
Armour         | 1 2 3 4 |  4.1
Dodging        | 2 |  2.0
Stealth        | |  1.1

Action                     |  1- 3 |  4- 6 |  7- 9 || total
---------------------------+-------+-------+-------++-------
   Fire: Shortbow          |   103 |   196 |   374 ||   673
    Use: Scroll            |     6 |     4 |     6 ||    16
         Potion            |     1 |       |     4 ||     5
 Armour: Leather armour    |    30 |    74 |    23 ||   127
         Skin              |       |     6 |       ||     6
         Ring mail         |       |       |   164 ||   164
  Dodge: Dodged            |    30 |    42 |   175 ||   247

Table legend:
 A = Non-vault XP
 B = Vault XP
 C = Vault XP percentage of total XP
 D = Non-vault monster count
 E = Vault monster count
 F = Vault count percentage of total count
                 A         B        C        D         E       F
            +---------+---------+-------+---------+---------+-------
      Total |    2626 |     923 |  26.0 |     115 |      27 |  19.0
            +---------+---------+-------+---------+---------+-------
        D:1 |      23 |       0 |   0.0 |      14 |       0 |   0.0
        D:2 |      33 |      47 |  58.8 |      12 |      15 |  55.6
        D:3 |     179 |      84 |  31.9 |      17 |       2 |  10.5
        D:4 |     424 |     203 |  32.4 |      27 |       1 |   3.6
        D:5 |    1218 |      90 |   6.9 |      26 |       1 |   3.7
        D:6 |     569 |       0 |   0.0 |      13 |       0 |   0.0
        D:7 |     180 |     499 |  73.5 |       6 |       8 |  57.1
            +---------+---------+-------+---------+---------+-------
